 Dungeon Crawl Stone Soup version 0.19-a0-975-gfff5315 (webtiles) character file.

204 Liquid the Insei (level 5, -1/29 HPs)
             Began as a Demonspawn Chaos Knight on July 13, 2016.
             Slain by an orc
             ... wielding a +0 short sword
              (5 damage)
             ... on level 4 of the Dungeon.
             The game lasted 00:18:21 (4097 turns).

Liquid the Insei (Demonspawn Chaos Knight)          Turns: 4097, Time: 00:18:22

Health: -1/29      AC:  9    Str: 12    XL:     5   Next: 52%
Magic:  5/5        EV: 12    Int: 19    God:    Xom [*.....]
Gold:   166        SH:  0    Dex: 13    Spells: 0 memorised, 4 levels left

rFire  . . .     SeeInvis .     h - +1 short sword (speed)
rCold  . . .     Gourm    .     a - +2 leather armour
rNeg   . . .     Faith    .     (no shield)
rPois  .         Spirit   .     e - +0 helmet
rElec  .         Dismiss  .     (no cloak)
rCorr  .         Reflect  .     r - +2 pair of gloves
SustAt .         Harm     .     (no boots)
MR     .....                    (no amulet)
Stlth  +.........               (no ring)
                                (no ring)

@: brilliant, lethally poisoned (-1 -> -11), very slightly contaminated, hasted,
very quick, not resistant to hostile enchantments, very unstealthy
A: frail 3, powered by death 2
a: Renounce Religion


You were on level 4 of the Dungeon.
You worshipped Xom.
You were a special plaything of Xom.
You were not hungry.

You visited 1 branch of the dungeon, and saw 4 of its levels.
You also visited: Sewer.

You collected 166 gold pieces.

Inventory:

Hand Weapons
 h - a +1 short sword of speed (weapon)
Armour
 a - a +2 leather armour (worn)
 e - a +0 helmet (worn)
 r - a +2 pair of gloves (worn)
Scrolls
 i - a scroll of blinking {unknown}
 j - 3 scrolls of teleportation
 o - 4 scrolls of magic mapping
 u - 2 scrolls of remove curse
 v - 2 scrolls of identify
Potions
 f - a potion of beneficial mutation
 g - a potion of ambrosia
 k - 2 potions of might
 l - a potion of brilliance
 m - a potion of cancellation
 n - a potion of flight {unknown}
 p - a potion of curing {unknown}
 q - 2 potions of resistance
 s - a potion of lignification {unknown}
 t - a potion of haste
Comestibles
 b - 5 bread rations
 c - 4 meat rations
 w - 2 chunks of flesh


   Skills:
 + Level 4.0 Fighting
 + Level 2.0 Armour
 + Level 2.2 Dodging
 * Level 4.5 Unarmed Combat


You had 4 spell levels left.
You didn't know any spells.

Dungeon Overview and Level Annotations

Branches:
Dungeon (4/15)
 Temple: D:4-7

Altars:
Elyvilon
Gozag

Annotations:
D:4 Purgy


Innate Abilities, Weirdness & Mutations

You regenerate health from kills.
You are extremely frail. (-30% HP)


Message History

You feel clever all of a sudden.
Xom thinks this is hilarious!
* * * LOW HITPOINT WARNING * * *
You feel sick. The orc hits you but does no damage.
It was a potion of haste.
You feel yourself speed up.
* * * LOW HITPOINT WARNING * * *
You feel sick. The orc hits you but does no damage. x2
The orc wizard mumbles some strange words.
The orc wizard flickers and vanishes!
Deactivating autopickup; reactivate with Ctrl-A.
You are very lightly contaminated with residual magic.
It was a potion of mutation.
You feel extremely strange. Nature stops experimenting on you.
You feel frail. x2
* * * LOW HITPOINT WARNING * * *
You feel sick.
The orc hits you with a hand axe of chopping.
* * * LOW HITPOINT WARNING * * *
x2 The orc hits you with a short sword.
You die... "It's all fun and games until someone loses an eye."

## #≈ ## ##### #≈ ....#
#########* #. ###.######
#{o......* ##
##.##...########o#*****,*
#≈ #..............@o# *,*
## #.#####.#######..#
*,*******# #.# #.# ##..#
*,,,,,,,*# #.# #.#
#...#*************# #.#
#.# #..[<,,,,,* # #.#
#.######.####***,* ##.#
#.....##.# *,*** ...#
#####.##.# *,,,* ####
###.##.# **#.#


You could see 3 orcs.

Vanquished Creatures
  A hound (D:4)
  Robin (D:4)
  2 gnolls (D:3)
  2 adders
  A river rat (D:4)
  2 oozes
  An adder skeleton (D:4)
  A dart slug (D:2)
  A giant gecko (D:1)
  5 orcs (D:4)
  4 giant cockroaches
  15 goblins
  9 hobgoblins
  10 jackals
  4 ball pythons
  8 bats
  8 giant newts
  14 kobolds
  7 rats
  8 plants
104 creatures vanquished.

Notes
Turn   | Place    | Note
-------+----------+-------------------------------------------
     0 | D:1      | Liquid the Demonspawn Chaos Knight began the quest for the Orb.
     0 | D:1      | Reached XP level 1. HP: 18/18 MP: 1/1
   283 | D:1      | XOM: harmless Tmut miscast
   289 | D:1      | Gained mutation: You regenerate a little health from kills. [demonic ancestry]
   289 | D:1      | Reached XP level 2. HP: 17/24 MP: 2/2
   409 | D:1      | XOM: noise
   461 | D:1      | Reached skill level 1 in Dodging
   827 | D:1      | XOM: fog
  1150 | D:2      | Reached XP level 3. HP: 29/29 MP: 3/3
  1175 | D:2      | XOM: harmless Hex miscast
  1246 | D:2      | Found an opulent altar of Gozag.
  1274 | D:2      | XOM: medium Divn miscast
  1675 | D:2      | XOM: mild Necr miscast
  1926 | D:3      | XOM: confusion
  1994 | D:3      | Found a white marble altar of Elyvilon.
  2052 | D:3      | Reached XP level 4. HP: 16/35 MP: 4/4
  2075 | D:3      | XOM: confusion
  2456 | D:4      | Noticed Robin
  2506 | D:4      | Killed Robin
  2565 | D:4      | Found a glowing drain.
  2570 | Sewer    | Entered a sewer
  2742 | Sewer    | XOM is BORED!
  2742 | Sewer    | XOM: give mutations
  2742 | Sewer    | Gained mutation: You evolve. [Xom's mischief]
  2742 | Sewer    | Gained mutation: You are weak. (Str -2) [Xom's mischief]
  2973 | Sewer    | Gained mutation: You regenerate health from kills. [demonic ancestry]
  2973 | Sewer    | Reached XP level 5. HP: 41/42 MP: 5/5
  3679 | D:4      | Gained mutation: You are frail. (-10% HP) [evolution]
  3690 | D:4      | XOM: 1-stop teleportation journey
  3701 | D:4      | XOM: polymorph jackal -> river rat
  3856 | D:4      | XOM: noise
  3881 | D:4      | Noticed Purgy
  3896 | D:4      | XOM: summons 4 hostile shadow creatures
  3897 | D:4      | Noticed an ogre
  3897 | D:4      | Noticed an ogre
  3951 | D:4      | XOM: give mutation
  3951 | D:4      | Lost mutation: You are weak. (Str -2) [Xom's mischief]
  4097 | D:4      | Lost mutation: You evolve. [potion of mutation]
  4097 | D:4      | Gained mutation: You are very frail. (-20% HP) [potion of mutation]
  4097 | D:4      | Gained mutation: You are extremely frail. (-30% HP) [potion of mutation]
  4097 | D:4      | Slain by an orc

Vault maps used:
D:1:      saegor_arrival_simple_b, serial_bayou, serial_bayou_shore_b,
          serial_bayou_ford_a, serial_bayou_pond_c, serial_bayou_lake_a,
          minivault_23
D:2:      nicolae_overflow_crystal_walls
D:3:      elyvilon_altar_3
D:4:      first_bread, lightli_sewer_entry_pipes, uniq_purgy, uniq_robin
Sewer:    sewer_co_scattered_pipes

Skill      XL: |  1  2  3  4  5 |
---------------+----------------+-----
Unarmed Combat | 3 4 |  4.5
Dodging        | 1 2 |  2.2
Fighting       | 4 |  4.0
Armour         | 2 |  2.0

Action                   |  1- 3 |  4- 6 || total
-------------------------+-------+-------++-------
Melee: Unarmed           |    20 |       ||    20
       Short sword       |   292 |   655 ||   947
       Punch             |     8 |    21 ||    29
  Use: Scroll            |     6 |     8 ||    14
       Potion            |       |     3 ||     3
  Eat: Chunk             |     4 |     8 ||    12
Armor: Leather armour    |    60 |   119 ||   179
Dodge: Dodged            |   105 |   174 ||   279
